[Event "Titled Tuesday Blitz July 4 Late 2023"]
[White "Nakamura, Hikaru"]
[Black "Vovk, Orest"]
[WhiteFideId "2016192"]
[BlackFideId "14113490"]
[WhiteElo "3171"]
[BlackElo "2597"]
[Result "1-0"]
[Round "7"]
[TimeControl "180+2"]
[Date "2023.07.04"]
[WhiteClock "0:02:22"]
[BlackClock "0:00:00"]
[Board "13"]

1. Nf3 h6 2. e4 g5 3. d4 Bg7 4. Bc4 c5 5. dxc5 Qa5+ 6. c3 Qxc5 7. Na3 a6 8. Be3 Qc7 9. Qb3 e6 10. Bb6 Qf4 11. O-O Nc6 12. Bd3 g4 13. Be3 Qf6 14. Nd4 Ne5 15. Be2 Ne7 16. Rae1 O-O 17. f4 gxf3 18. Nxf3 N7c6 19. Nxe5 Qxe5 20. Nc4 Qxe4 21. Bf3 Qg6 22. Nd6 Ne5 23. Bd4 Nxf3+ 24. Rxf3 Bxd4+ 25. cxd4 Kh7 26. Rg3 Qh5 27. d5 f5 28. Qc3 Rg8 29. Rxg8 Kxg8 30. Nxc8 f4 31. dxe6 1-0


[Site "https://www.chess.com"]

[Event "Titled Tuesday Blitz July 4 Late 2023"]
[White "Ter-Sahakyan, Samvel"]
[Black "Naroditsky, Daniel"]
[WhiteFideId "13302531"]
[BlackFideId "2026961"]
[WhiteElo "2862"]
[BlackElo "3126"]
[Result "1/2-1/2"]
[Round "7"]
[TimeControl "180+2"]
[Date "2023.07.04"]
[WhiteClock "0:00:53"]
[BlackClock "0:00:52"]
[Board "14"]

1. e4 Nf6 2. e5 Nd5 3. d4 d6 4. Nf3 dxe5 5. Nxe5 c6 6. Be2 Bf5 7. O-O Nd7 8. Nf3 e6 9. c4 N5f6 10. Bf4 Be7 11. Nc3 O-O 12. Qb3 Qb6 13. Rfd1 h6 14. h3 Rfd8 15. Rac1 Qxb3 16. axb3 a6 17. c5 Nd5 18. Nxd5 exd5 19. b4 Nf8 20. Nd2 Ne6 21. Be3 Bf6 22. Nb3 Rd7 23. Bg4 Bg6 24. Bxe6 fxe6 25. Bf4 Re8 26. Re1 Bd3 27. Be5 Bg5 28. Rc3 Bf5 29. Kh2 h5 30. g3 Rf7 31. h4 Bd8 32. f4 Kh7 1/2-1/2


[Site "https://www.chess.com"]

[Event "Titled Tuesday Blitz July 4 Late 2023"]
[White "Nihal Sarin"]
[Black "Grigoriants, Sergey"]
[WhiteFideId "25092340"]
[BlackFideId "4130804"]
[WhiteElo "3117"]
[BlackElo "2859"]
[Result "1-0"]
[Round "7"]
[TimeControl "180+2"]
[Date "2023.07.04"]
[WhiteClock "0:01:40"]
[BlackClock "0:00:21"]
[Board "15"]

1. b3 d5 2. Bb2 c5 3. e3 Nf6 4. Nf3 Nc6 5. Bb5 Bd7 6. O-O e6 7. d3 Be7 8. Nbd2 O-O 9. Bxc6 Bxc6 10. Ne5 Rc8 11. f4 b5 12. Rf3 d4 13. e4 Bb7 14. Rh3 g6 15. a4 a6 16. Ndf3 Nd7 17. Qe1 Bf6 18. Ng4 Bg7 19. Nh6+ Bxh6 20. Rxh6 f6 21. Qh4 Rf7 22. Kh1 Nf8 23. Qf2 Bc6 24. axb5 axb5 25. b4 Qd6 26. bxc5 Qxf4 27. Rh4 Qe3 28. Qf1 f5 29. Bxd4 fxe4 30. Bxe3 exf3 31. Kg1 1-0


[Site "https://www.chess.com"]

[Event "Titled Tuesday Blitz July 4 Late 2023"]
[White "Rustemov, Alexander"]
[Black "Sargsyan, Shant"]
[WhiteFideId "4119002"]
[BlackFideId "13306766"]
[WhiteElo "2807"]
[BlackElo "2994"]
[Result "0-1"]
[Round "7"]
[TimeControl "180+2"]
[Date "2023.07.04"]
[WhiteClock "0:00:00"]
[BlackClock "0:01:41"]
[Board "16"]

1. d4 g6 2. c4 Nf6 3. Nf3 Bg7 4. g3 O-O 5. Bg2 d6 6. Nc3 Nbd7 7. O-O e5 8. e4 Re8 9. h3 b6 10. Re1 exd4 11. Nxd4 Bb7 12. f3 a6 13. Be3 Ne5 14. b3 Rb8 15. a4 Nfd7 16. Qc2 Nc5 17. Rad1 h5 18. f4 Nc6 19. Nd5 Nxd4 20. Bxd4 Bxd5 21. cxd5 Bxd4+ 22. Rxd4 a5 23. e5 dxe5 24. fxe5 Qg5 25. e6 Qxg3 26. Rdd1 fxe6 27. dxe6 Rxe6 28. Rxe6 Nxe6 29. Qc4 Re8 30. Rd7 Kh8 31. Rd3 Qe1+ 32. Kh2 Qe5+ 33. Kg1 Nf4 34. Rd7 Ne2+ 35. Kh1 Qa1+ 0-1


[Site "https://www.chess.com"]

[Event "Titled Tuesday Blitz July 4 Late 2023"]
[White "Indjic, Aleksandar"]
[Black "Raja Rithvik R"]
[WhiteFideId "911925"]
[BlackFideId "35007394"]
[WhiteElo "2967"]
[BlackElo "2789"]
[Result "1-0"]
[Round "7"]
[TimeControl "180+2"]
[Date "2023.07.04"]
[WhiteClock "0:00:56"]
[BlackClock "0:00:00"]
[Board "17"]

1. e4 c5 2. Nf3 d6 3. d4 cxd4 4. Nxd4 Nf6 5. Nc3 a6 6. h3 g6 7. Be3 Bg7 8. a4 Nc6 9. Be2 O-O 10. Qd2 Bd7 11. O-O Rc8 12. f3 Qc7 13. Rac1 Ne5 14. Rfd1 Nc4 15. Bxc4 Qxc4 16. Nde2 Rfd8 17. b3 Qc7 18. Bd4 Bc6 19. Qe3 Re8 20. Bb6 Qb8 21. Nd5 Nxd5 22. exd5 Bd7 23. c4 e6 24. dxe6 Bxe6 25. Qd2 Rc6 26. Bd4 d5 27. Bxg7 Kxg7 28. Nd4 Rd6 29. c5 Rdd8 30. b4 Bd7 31. b5 axb5 32. axb5 Rc8 33. c6 bxc6 34. bxc6 Be6 35. Re1 Qb6 36. Qf2 Kg8 37. Re2 Rc7 38. Rb2 Qa6 39. Kh2 Rec8 40. Rcb1 Qc4 41. Rb4 Qc3 42. R4b3 Qc4 43. Rb8 Kg7 44. Rxc8 Bxc8 45. Qe3 f6 46. Qf4 Rf7 47. Rb8 Bf5 48. Rb7 Bd3 49. Ne6+ 1-0


[Site "https://www.chess.com"]

[Event "Titled Tuesday Blitz July 4 Late 2023"]
[White "Kollars, Dmitrij"]
[Black "Morefield, Jason"]
[WhiteFideId "12909572"]
[BlackFideId "30920825"]
[WhiteElo "2967"]
[BlackElo "2766"]
[Result "1-0"]
[Round "7"]
[TimeControl "180+2"]
[Date "2023.07.04"]
[WhiteClock "0:01:08"]
[BlackClock "0:00:00"]
[Board "18"]

1. b3 d5 2. Bb2 Bf5 3. d3 e6 4. Nd2 Nf6 5. g3 Be7 6. Bg2 O-O 7. e4 Bg6 8. Nh3 c5 9. Nf4 Nc6 10. h4 dxe4 11. h5 Bf5 12. dxe4 Bg4 13. f3 e5 14. fxg4 exf4 15. gxf4 Re8 16. g5 Nd7 17. Qg4 Nb4 18. O-O-O Qc7 19. Nc4 Nf8 20. g6 fxg6 21. hxg6 h6 22. e5 Rad8 23. a3 b5 24. Nd6 Bxd6 25. exd6 Rxd6 26. axb4 Rxg6 27. Bd5+ Kh7 28. Qf3 cxb4 29. Be4 Rc8 30. Rhg1 1-0


[Site "https://www.chess.com"]

[Event "Titled Tuesday Blitz July 4 Late 2023"]
[White "Sjugirov, Sanan"]
[Black "Ozer, Omer Faruk"]
[WhiteFideId "4189302"]
[BlackFideId "6354564"]
[WhiteElo "2961"]
[BlackElo "2757"]
[Result "1-0"]
[Round "7"]
[TimeControl "180+2"]
[Date "2023.07.04"]
[WhiteClock "0:00:27"]
[BlackClock "0:00:34"]
[Board "19"]

1. e4 e5 2. Nf3 Nc6 3. Bc4 Nf6 4. d3 h6 5. a4 d6 6. a5 a6 7. Nc3 g6 8. h3 Bg7 9. O-O O-O 10. Be3 Kh7 11. Re1 Be6 12. Qd2 Qd7 13. Bxe6 fxe6 14. d4 exd4 15. Nxd4 Nxd4 16. Bxd4 Nh5 17. Bxg7 Qxg7 18. Ra3 Rf7 19. Rb3 Raf8 20. f3 Rb8 21. Ne2 Qe5 22. Qc3 Qg5 23. Rf1 e5 24. Qe3 Qxe3+ 25. Rxe3 Ng7 26. Rb3 Ne6 27. Rd1 Kg7 28. c3 Kf8 29. Ng3 Ke7 30. Nf1 Kd7 31. Ne3 Nf4 32. Ng4 h5 33. Nxe5+ 1-0


[Site "https://www.chess.com"]

[Event "Titled Tuesday Blitz July 4 Late 2023"]
[White "Mahdavi, Reza"]
[Black "Xiong, Jeffery"]
[WhiteFideId "12595926"]
[BlackFideId "2047640"]
[WhiteElo "2751"]
[BlackElo "2942"]
[Result "0-1"]
[Round "7"]
[TimeControl "180+2"]
[Date "2023.07.04"]
[WhiteClock "0:00:21"]
[BlackClock "0:01:07"]
[Board "20"]

1. e4 c6 2. d4 d5 3. e5 Bf5 4. Nf3 e6 5. Be2 Ne7 6. O-O h6 7. a4 Nd7 8. a5 Bh7 9. b3 Ng6 10. c4 Be7 11. Nc3 O-O 12. cxd5 cxd5 13. a6 bxa6 14. Rxa6 Nb8 15. Ra4 Nc6 16. Be3 a5 17. Qd2 f6 18. exf6 Bxf6 19. Re1 Nge7 20. Bb5 Bf5 21. Bf4 Nb4 22. Ne5 Bxe5 23. Bxe5 Qb6 24. Bf1 Rfc8 25. Nb5 Rc2 26. Qe3 Nec6 27. Bd6 Qd8 28. Qg3 Qg5 29. Qxg5 hxg5 30. Bc5 Rb2 31. Re3 Rb1 32. Nc3 Rc1 33. Ne2 Rd1 34. Nc3 Rc1 35. Ne2 Rb1 36. Nc3 Rb2 37. h3 Nc2 38. Rg3 Rxb3 39. Bb5 N6b4 40. Nxd5 Rb1+ 41. Kh2 Nxd5 42. Bc6 Ra6 43. Bxd5 exd5 44. Rxg5 g6 45. Rg3 Rb2 46. Rc3 Bd7 0-1


[Site "https://www.chess.com"]

[Event "Titled Tuesday Blitz July 4 Late 2023"]
[White "Svane, Rasmus"]
[Black "Nasuta, Grzegorz"]
[WhiteFideId "4657101"]
[BlackFideId "1141686"]
[WhiteElo "2935"]
[BlackElo "2707"]
[Result "0-1"]
[Round "7"]
[TimeControl "180+2"]
[Date "2023.07.04"]
[WhiteClock "0:00:06"]
[BlackClock "0:00:06"]
[Board "21"]

1. Nf3 d5 2. g3 Nf6 3. Bg2 Bg4 4. O-O e6 5. h3 Bh5 6. d4 Nbd7 7. c4 c6 8. cxd5 exd5 9. Ne5 Ne4 10. Bxe4 dxe4 11. Nc3 Be7 12. Qb3 f6 13. Nc4 Bf7 14. Nxe4 Nb6 15. Ned2 Nxc4 16. Nxc4 b5 17. Qf3 Bd5 18. e4 Bxc4 19. Rd1 O-O 20. b3 Bf7 21. Be3 Qd7 22. g4 a5 23. Rac1 a4 24. Rd3 axb3 25. axb3 Rfc8 26. Rcd1 Bg6 27. d5 cxd5 28. Rxd5 Qe6 29. e5 Bc2 30. R1d2 Bxb3 31. Rxb5 Ba4 32. Rb6 Bc6 33. Qf5 Qxf5 34. gxf5 fxe5 35. Kh2 Bd8 36. Rxd8+ Rxd8 37. Rxc6 Rf8 38. Rc5 Rxf5 39. Kg3 Raf8 40. Kg2 h6 41. Rb5 Kh7 42. Rc5 Kg6 43. Rc7 R8f7 44. Rc6+ R7f6 45. Rc7 Rf7 46. Rc6+ R5f6 47. Rc5 Re6 48. Kg3 Kf5 49. Rc4 Rd7 50. Rb4 Rc6 51. Ra4 Rd1 52. Kg2 Rg6+ 53. Kf3 Rh1 54. h4 Rh3+ 55. Ke2 Rg4 56. Ra7 Rhxh4 57. Kf3 Rh3+ 58. Ke2 Rh1 59. Rf7+ Ke6 60. Rf8 Rb1 61. Kf3 Rg6 62. Ra8 Rb7 63. Ra6+ Kf7 64. Ra8 Rb4 65. Ra7+ Kf6 66. Ra8 Kf5 67. Rf8+ Rf6 68. Rh8 Rf7 69. Kg3 Kg6 70. Re8 Kf5 71. Rg8 Rg4+ 72. Kh3 Rg6 73. Re8 Ke4 74. Kh2 Rf5 75. Kh3 Rh5# 0-1


[Site "https://www.chess.com"]

[Event "Titled Tuesday Blitz July 4 Late 2023"]
[White "Papasimakopoulos, Alexandros"]
[Black "Ibrahimli, Murad"]
[WhiteFideId "4244125"]
[BlackFideId "13410229"]
[WhiteElo "2687"]
[BlackElo "2923"]
[Result "0-1"]
[Round "7"]
[TimeControl "180+2"]
[Date "2023.07.04"]
[WhiteClock "0:00:50"]
[BlackClock "0:00:53"]
[Board "22"]

1. d4 Nf6 2. c4 g6 3. Nc3 Bg7 4. Bg5 d6 5. e3 O-O 6. Nf3 c5 7. Be2 cxd4 8. Nxd4 Nc6 9. O-O Bd7 10. Rc1 Rc8 11. b3 a6 12. Bf3 Re8 13. Qd2 h6 14. Bh4 Qa5 15. Rfd1 g5 16. Bg3 Nxd4 17. exd4 b5 18. cxb5 axb5 19. h4 g4 20. Be2 b4 21. Na4 Ne4 22. Qe3 Nxg3 23. Qxg3 h5 24. Qe3 e6 25. Rxc8 Rxc8 26. d5 Re8 27. dxe6 Rxe6 28. Qb6 Qxb6 29. Nxb6 Rxe2 30. Nxd7 Rxa2 31. Rxd6 Rb2 32. Rd3 Bc3 33. Rd5 Rxb3 34. Rxh5 Rb1+ 35. Kh2 b3 36. Rb5 b2 37. h5 Rd1 38. Rg5+ Kh8 39. Nf6 Bxf6 0-1


[Site "https://www.chess.com"]

[Event "Titled Tuesday Blitz July 4 Late 2023"]
[White "Durarbayli, Vasif"]
[Black "Subelj, Jan"]
[WhiteFideId "13402935"]
[BlackFideId "14618583"]
[WhiteElo "2911"]
[BlackElo "2612"]
[Result "1-0"]
[Round "7"]
[TimeControl "180+2"]
[Date "2023.07.04"]
[WhiteClock "0:00:03"]
[BlackClock "0:00:07"]
[Board "23"]

1. e4 d6 2. d4 Nf6 3. Nc3 e5 4. Nf3 Nbd7 5. h3 Be7 6. Be3 O-O 7. Qd2 b6 8. d5 Bb7 9. g4 Nc5 10. Bxc5 bxc5 11. O-O-O a5 12. Be2 a4 13. a3 c6 14. g5 Nh5 15. h4 Nf4 16. Bc4 cxd5 17. Nxd5 Bxd5 18. Bxd5 Rb8 19. Bc4 Rb6 20. c3 Qa8 21. Qe3 Rfb8 22. Rd2 Qb7 23. b4 cxb4 24. cxb4 Rc6 25. Rc2 Rbc8 26. Nd2 Bd8 27. Kb1 Bb6 28. Qf3 Bd4 29. Rhc1 Kf8 30. h5 Rb6 31. Ka2 Rbc6 32. g6 hxg6 33. hxg6 fxg6 34. Qh1 Ke7 35. Qh4+ Kd7 36. Qh7 R8c7 37. Qxg7+ Kd8 38. Qf8+ Kd7 39. Nf3 d5 40. exd5 Rxc4 41. Rxc4 Rxc4 42. Qf7+ 1-0


[Site "https://www.chess.com"]

[Event "Titled Tuesday Blitz July 4 Late 2023"]
[White "Toolin, Christopher"]
[Black "Sanal, Vahap"]
[WhiteFideId "2024543"]
[BlackFideId "6300545"]
[WhiteElo "2430"]
[BlackElo "2892"]
[Result "0-1"]
[Round "7"]
[TimeControl "180+2"]
[Date "2023.07.04"]
[WhiteClock "0:00:00"]
[BlackClock "0:00:56"]
[Board "24"]

1. d4 d6 2. c4 e5 3. Nf3 e4 4. Nfd2 f5 5. e3 Nf6 6. b3 Be7 7. Bb2 O-O 8. Nc3 c5 9. d5 Nbd7 10. f4 a6 11. Be2 b5 12. cxb5 axb5 13. Bxb5 Ng4 14. Qe2 Bf6 15. h3 Bh4+ 16. Kf1 Nf2 17. Rg1 Bg3 18. Nc4 Nf6 19. Bc6 Rb8 20. Nd1 Nd3 21. Bc3 Ba6 22. Ndb2 Nxb2 23. Bxb2 Qc7 24. Bc3 Qf7 25. Rd1 Nh5 26. Be1 Qg6 27. Bd7 Kh8 28. Be6 Ra8 29. Qb2 Rfb8 30. Qc2 Qf6 31. Bxg3 Nxg3+ 32. Kf2 Qh4 33. Ke1 Bxc4 34. bxc4 Ra3 35. Kd2 Nh1 36. Rxh1 Qf2+ 37. Kc1 Qxe3+ 38. Rd2 Rc3 39. Rd1 Rxc2+ 40. Kxc2 Qa3 41. Rc1 e3 42. Kd1 exd2 43. Kxd2 Rb2+ 44. Kd1 Qd3+ 0-1


[Site "https://www.chess.com"]

[Event "Titled Tuesday Blitz July 4 Late 2023"]
[White "Tahbaz, Arash"]
[Black "Philippe, Guillaume"]
[WhiteFideId "12528846"]
[BlackFideId "36048763"]
[WhiteElo "2983"]
[BlackElo "2470"]
[Result "0-1"]
[Round "7"]
[TimeControl "180+2"]
[Date "2023.07.04"]
[WhiteClock "0:00:33"]
[BlackClock "0:00:19"]
[Board "25"]

1. Nf3 Nf6 2. g3 d5 3. Bg2 e6 4. O-O Be7 5. d3 O-O 6. Nbd2 b6 7. e4 Bb7 8. e5 Nfd7 9. Re1 c5 10. Nf1 d4 11. h4 h6 12. Bf4 Re8 13. Qd2 Bf8 14. g4 Nc6 15. Ng3 Nb4 16. g5 hxg5 17. Bxg5 Qc7 18. a3 Nd5 19. h5 Ne7 20. h6 Ng6 21. Nh5 Bxf3 22. Bxf3 Ndxe5 23. Bg2 Rac8 24. hxg7 Bxg7 25. Bf6 Ng4 26. Qg5 Qh2+ 27. Kf1 Nxf6 28. Nxf6+ Bxf6 29. Qxf6 Qf4 30. Qxf4 Nxf4 31. a4 a5 32. Ra3 Nxg2 33. Kxg2 Kf8 34. Rb3 Rc6 35. f4 Ke7 36. Kf3 Rh8 37. c3 dxc3 38. bxc3 Kd7 39. Rg1 Rh3+ 40. Ke2 Rh2+ 41. Ke3 Ra2 42. Rg7 Ke7 43. Rg8 Rxa4 44. Rb8 c4 45. R3xb6 Rxb6 46. Rxb6 cxd3 47. Ra6 d2 48. Kxd2 Rxf4 49. Rxa5 Rc4 50. Kd3 Rc8 51. c4 Kf6 52. c5 Ke5 53. Kc4 f5 54. Ra1 f4 55. Re1+ Kf5 56. Kd4 Rd8+ 57. Kc4 e5 58. c6 e4 59. Kc5 e3 60. Rb1 f3 61. Rb7 e2 62. Re7 f2 0-1


[Site "https://www.chess.com"]

[Event "Titled Tuesday Blitz July 4 Late 2023"]
[White "Domingo Nunez, Ruben"]
[Black "Pranav, V"]
[WhiteFideId "22245570"]
[BlackFideId "25060783"]
[WhiteElo "2628"]
[BlackElo "2978"]
[Result "0-1"]
[Round "7"]
[TimeControl "180+2"]
[Date "2023.07.04"]
[WhiteClock "0:02:20"]
[BlackClock "0:02:49"]
[Board "26"]

1. Nf3 Nf6 2. g3 d5 3. Bg2 c6 4. O-O Bg4 5. d3 Nbd7 6. Nbd2 e5 7. e4 Bd6 8. h3 Bh5 9. Qe1 O-O 10. Nh4 Bg6 11. Nxg6 hxg6 12. Nb1 Re8 13. Bg5 Qb6 14. Qc3 Bb4 0-1


[Site "https://www.chess.com"]

[Event "Titled Tuesday Blitz July 4 Late 2023"]
[White "Makarian, Rudik"]
[Black "Zavgorodniy, Sergiy"]
[WhiteFideId "44105681"]
[BlackFideId "14110148"]
[WhiteElo "2941"]
[BlackElo "2606"]
[Result "1-0"]
[Round "7"]
[TimeControl "180+2"]
[Date "2023.07.04"]
[WhiteClock "0:00:44"]
[BlackClock "0:00:00"]
[Board "27"]

1. c4 c5 2. Nf3 Nc6 3. d4 cxd4 4. Nxd4 g6 5. e4 Bg7 6. Be3 Nf6 7. Nc3 d6 8. Be2 Bd7 9. O-O O-O 10. f3 Qa5 11. Qd2 Nxd4 12. Bxd4 Rfc8 13. Rfd1 a6 14. Kh1 Be6 15. b3 b5 16. cxb5 axb5 17. Nxb5 Qxd2 18. Rxd2 Nd7 19. Bxg7 Kxg7 20. Nd4 Nc5 21. Nxe6+ fxe6 22. Rb1 Kf6 23. Kg1 Ke5 24. Kf2 g5 25. Ke3 Ra3 26. Rbb2 Rca8 27. Rbc2 h5 28. g3 h4 29. gxh4 gxh4 30. f4+ Kf6 31. e5+ Kf7 32. exd6 exd6 33. Rxd6 R8a5 34. Rc6 Nd7 35. Bc4 Nf8 36. f5 Rxf5 37. Ra6 Rxa6 38. Bxa6 Kf6 39. b4 Nd7 40. a4 Re5+ 41. Kd4 Rd5+ 42. Kc3 Ne5 43. a5 Kg5 44. Rd2 Rxd2 45. Kxd2 Nf3+ 46. Kc3 Nxh2 47. Be2 h3 48. a6 1-0


[Site "https://www.chess.com"]

[Event "Titled Tuesday Blitz July 4 Late 2023"]
[White "Oparin, Grigoriy"]
[Black "Sebag, Marie"]
[WhiteFideId "24125890"]
[BlackFideId "617822"]
[WhiteElo "2939"]
[BlackElo "2589"]
[Result "1-0"]
[Round "7"]
[TimeControl "180+2"]
[Date "2023.07.04"]
[WhiteClock "0:01:21"]
[BlackClock "0:00:00"]
[Board "28"]

1. c4 Nf6 2. Nc3 c6 3. e4 d5 4. cxd5 cxd5 5. e5 Nfd7 6. d4 Nb6 7. f4 Nc6 8. Be3 h5 9. h3 Bf5 10. Nf3 e6 11. Be2 Be7 12. O-O Rc8 13. Rc1 a6 14. Ng5 h4 15. Kh2 Nc4 16. Bxc4 dxc4 17. d5 exd5 18. Nxd5 Bd3 19. Nxe7 Nxe7 20. Rf2 Nf5 21. Qe1 O-O 22. Rd2 Ng3 23. Bf2 Qa5 24. Bxg3 hxg3+ 25. Kxg3 f6 26. Nf3 fxe5 27. Qxe5 Qb6 28. Qd5+ Kh8 29. Qh5+ Kg8 30. Re1 Qf6 31. Qd5+ Kh8 32. Qe5 Qg6+ 33. Qg5 Qxg5+ 34. Nxg5 Bf5 35. Re5 c3 36. bxc3 Rxc3+ 37. Kh4 Bg6 38. g4 Rcc8 39. f5 Be8 40. Re7 Rg8 41. Rd6 Rf8 42. Rxb7 Bb5 43. Rg6 Rc3 44. Rgxg7 1-0


[Site "https://www.chess.com"]

[Event "Titled Tuesday Blitz July 4 Late 2023"]
[White "Chigaev, Maksim"]
[Black "Ovchinnikov, Vsevolod"]
[WhiteFideId "4108116"]
[BlackFideId "24176842"]
[WhiteElo "2931"]
[BlackElo "2584"]
[Result "1-0"]
[Round "7"]
[TimeControl "180+2"]
[Date "2023.07.04"]
[WhiteClock "0:00:22"]
[BlackClock "0:00:03"]
[Board "29"]

1. e4 g6 2. d4 Bg7 3. Nc3 a6 4. Be3 b5 5. f3 d6 6. h4 h5 7. Qd2 Nd7 8. O-O-O Bb7 9. Nh3 Rc8 10. Ng5 c5 11. Kb1 cxd4 12. Bxd4 Bxd4 13. Qxd4 Ngf6 14. a4 bxa4 15. Bc4 O-O 16. Nxa4 Qa5 17. Bb3 Qe5 18. Qxe5 Nxe5 19. Rhe1 Ned7 20. f4 Nc5 21. Nxc5 Rxc5 22. e5 dxe5 23. fxe5 Nd5 24. g3 e6 25. Ne4 Ra5 26. Rd4 Kg7 27. Ng5 Bc6 28. Rf1 Rc5 29. Rd2 Be8 30. Rdf2 Nc7 31. Re1 Bb5 32. Rd2 Bc4 33. Bxc4 Rxc4 34. Rd7 Kg8 35. Rf1 Nd5 36. Nxf7 Rcc8 37. c3 Rb8 38. Nh6+ Kh8 39. Rxf8+ Rxf8 40. Nf7+ Kg8 41. Ng5 Rf5 42. Rd8+ Rf8 43. Rxf8+ Kxf8 44. Nxe6+ Ke7 45. Nf4 Nxf4 46. gxf4 Ke6 47. b4 1-0


[Site "https://www.chess.com"]

[Event "Titled Tuesday Blitz July 4 Late 2023"]
[White "Sousa, Andre Ventura"]
[Black "Dardha, Daniel"]
[WhiteFideId "1917617"]
[BlackFideId "240990"]
[WhiteElo "2578"]
[BlackElo "2873"]
[Result "0-1"]
[Round "7"]
[TimeControl "180+2"]
[Date "2023.07.04"]
[WhiteClock "0:00:14"]
[BlackClock "0:01:17"]
[Board "30"]

1. e4 d5 2. exd5 Qxd5 3. Nc3 Qd8 4. Bc4 c6 5. d4 Nf6 6. Nf3 Bf5 7. Ne5 e6 8. g4 Be4 9. Rg1 Bd5 10. Nxd5 cxd5 11. Bb5+ Nfd7 12. c3 Bd6 13. Nxd7 Nxd7 14. g5 a6 15. Bd3 e5 16. dxe5 Nxe5 17. Be3 O-O 18. Qe2 Qa5 19. O-O-O Qxa2 20. Bb1 Qa5 21. Bd4 Rfe8 22. Qc2 g6 23. f4 Nf3 24. Qf2 Bxf4+ 25. Kc2 Qa4+ 26. b3 Qb5 27. Rd3 Nxg1 28. Qxf4 Ne2 29. Qf6 Nxd4+ 30. Qxd4 Re2+ 31. Rd2 Rxd2+ 32. Qxd2 Re8 0-1


[Site "https://www.chess.com"]

[Event "Titled Tuesday Blitz July 4 Late 2023"]
[White "Jovic, Stanoje"]
[Black "Ibarra Jerez, Jose Carlos"]
[WhiteFideId "905020"]
[BlackFideId "2226332"]
[WhiteElo "2575"]
[BlackElo "2859"]
[Result "0-1"]
[Round "7"]
[TimeControl "180+2"]
[Date "2023.07.04"]
[WhiteClock "0:00:00"]
[BlackClock "0:00:02"]
[Board "31"]

1. c4 e5 2. g3 Nf6 3. Bg2 c6 4. d4 e4 5. Nc3 d5 6. f3 Bb4 7. Qb3 Qe7 8. cxd5 cxd5 9. Bg5 Nc6 10. e3 Nxd4 11. Bxf6 Nxb3 12. Bxe7 Nxa1 13. Bxb4 Nc2+ 14. Kd2 Nxb4 15. fxe4 dxe4 16. Bxe4 O-O 17. Nge2 Rd8+ 18. Nd4 Nc6 19. Bxc6 bxc6 20. Kc2 c5 21. Nb3 Bb7 22. Rf1 Rac8 23. Rf5 c4 24. Nd4 Re8 25. Kd2 Re7 26. Ra5 a6 27. Ra4 g6 28. Rb4 Rce8 29. Nc2 Be4 30. Nd4 Bd3 31. Nd5 Kg7 32. Nxe7 Rxe7 33. b3 Rc7 34. Ra4 Bf1 35. bxc4 Bxc4 36. Ra3 Rb7 37. Ra4 Bf1 38. Nb3 Bb5 39. Rb4 Rd7+ 40. Rd4 Rc7 41. a4 Bc4 42. Nc1 Be6 43. Nd3 g5 44. e4 Kf6 45. Rd6 a5 46. Ra6 Rc4 0-1


[Site "https://www.chess.com"]

[Event "Titled Tuesday Blitz July 4 Late 2023"]
[White "Przybylski, Wojciech"]
[Black "Oro, Faustino"]
[WhiteFideId "1117599"]
[BlackFideId "20000197"]
[WhiteElo "2565"]
[BlackElo "2817"]
[Result "1-0"]
[Round "7"]
[TimeControl "180+2"]
[Date "2023.07.04"]
[WhiteClock "0:00:04"]
[BlackClock "0:00:06"]
[Board "32"]

1. e4 c5 2. Nf3 d6 3. Bc4 Nc6 4. O-O e6 5. c3 Nf6 6. d3 Be7 7. a4 O-O 8. Re1 d5 9. Bb3 d4 10. Na3 e5 11. h3 a6 12. Nc4 Qc7 13. a5 h6 14. Bd2 Rd8 15. Nb6 Rb8 16. cxd4 cxd4 17. Rc1 Be6 18. Bxe6 fxe6 19. Qb3 Kf7 20. Rc2 Nd7 21. Rec1 Nxb6 22. axb6 Qd6 23. Nh2 Rdc8 24. f4 Ke8 25. f5 Kd7 26. Rc5 Bf6 27. Ng4 Ke7 28. Bb4 Nxb4 29. Rxc8 Rxc8 30. Rxc8 Qxb6 31. Rc4 a5 32. fxe6 Qxe6 33. Rc7+ Kd6 34. Qxe6+ Kxe6 35. Rxb7 Nxd3 36. Rb6+ Kf7 37. Kf1 Nc5 38. Nf2 Bh4 39. Ng4 Bf6 40. Rb5 Nd3 41. Ke2 Nf4+ 42. Kf3 Nd3 43. Nf2 Ne1+ 44. Ke2 Nc2 45. Nd3 Ke6 46. Nc5+ Ke7 47. Nd3 Ke6 48. Rxa5 Ne3 49. Ra6+ Ke7 50. g3 Nc4 51. Ra7+ Ke6 52. b3 Nd6 53. Ra6 Ke7 54. Nc5 Nb5 55. Rb6 Nc3+ 56. Kd3 Nd1 57. Re6+ Kf7 58. b4 Nb2+ 59. Kd2 Nc4+ 60. Kd3 Nb2+ 61. Kc2 Nc4 62. Rc6 Ne3+ 63. Kd3 Nd1 64. b5 Be7 65. Rc7 Ke8 66. b6 Nb2+ 67. Kc2 Bxc5 68. Rxc5 Na4 69. Rc8+ Kd7 70. b7 Nb6 71. Rg8 Nc4 72. b8=Q Ne3+ 73. Kd3 1-0


[Site "https://www.chess.com"]

[Event "Titled Tuesday Blitz July 4 Late 2023"]
[White "Kantor, Gergely"]
[Black "Kanyamarala, Tarun"]
[WhiteFideId "751499"]
[BlackFideId "45004714"]
[WhiteElo "2810"]
[BlackElo "2560"]
[Result "1-0"]
[Round "7"]
[TimeControl "180+2"]
[Date "2023.07.04"]
[WhiteClock "0:02:27"]
[BlackClock "0:01:42"]
[Board "33"]

1. e4 c5 2. Nf3 e6 3. Nc3 a6 4. g3 b5 5. Bg2 Bb7 6. d3 d6 7. O-O Be7 8. Ne1 Nf6 9. f4 O-O 10. Nf3 Nbd7 11. Qe2 d5 12. e5 Ne8 13. h4 Qb6 14. Kh2 Nc7 15. h5 h6 16. Bh3 Rfc8 17. g4 d4 18. Ne4 Nd5 19. g5 Bf8 20. gxh6 gxh6 21. Rg1+ Kh8 22. Qg2 1-0


[Site "https://www.chess.com"]

[Event "Titled Tuesday Blitz July 4 Late 2023"]
[White "Stribuk, Artiom"]
[Black "Bruedigam, Martin"]
[WhiteFideId "13515659"]
[BlackFideId "24608033"]
[WhiteElo "2801"]
[BlackElo "2559"]
[Result "1-0"]
[Round "7"]
[TimeControl "180+2"]
[Date "2023.07.04"]
[WhiteClock "0:00:07"]
[BlackClock "0:00:00"]
[Board "34"]

1. d4 d5 2. c4 c6 3. Nf3 Nf6 4. g3 Bf5 5. Nc3 e6 6. Qb3 Qb6 7. c5 Qc7 8. Bf4 Qc8 9. Nh4 Nbd7 10. Nxf5 exf5 11. Bg2 Be7 12. O-O O-O 13. Qc2 g6 14. b4 a6 15. a4 Bd8 16. b5 Bc7 17. bxc6 bxc6 18. Bh6 Re8 19. a5 Rb8 20. Qa4 Bd8 21. Bf4 Rb2 22. Rab1 Rxb1 23. Rxb1 Nf8 24. Rb8 Qd7 25. e3 Ne6 26. Bd6 f4 27. Bxf4 Nxf4 28. gxf4 h6 29. Ne2 Kh8 30. Ng3 h5 31. h3 h4 32. Nf1 Rg8 33. Nh2 g5 34. fxg5 Rxg5 35. Nf3 Rg8 36. Kf1 Ne4 37. Ne5 Qf5 38. Bxe4 Qxe4 39. Rxd8 1-0


[Site "https://www.chess.com"]

[Event "Titled Tuesday Blitz July 4 Late 2023"]
[White "ArtemDyachuk"]
[Black "Hambleton, Aman"]
[BlackFideId "2606577"]
[WhiteElo "2558"]
[BlackElo "2796"]
[Result "0-1"]
[Round "7"]
[TimeControl "180+2"]
[Date "2023.07.04"]
[WhiteClock "0:00:00"]
[BlackClock "0:00:05"]
[Board "35"]

1. e4 b6 2. Nc3 Bb7 3. d4 e6 4. Nf3 Bb4 5. Bd3 Nf6 6. Qe2 d5 7. e5 Ne4 8. O-O Nxc3 9. bxc3 Bxc3 10. Rb1 Nc6 11. Ba3 Nxd4 12. Nxd4 Bxd4 13. c3 Bxc3 14. Rfc1 d4 15. Bb5+ c6 16. Qg4 cxb5 17. Qxg7 Kd7 18. Qxf7+ Kc8 19. Qxe6+ Qd7 20. Qf6 Rg8 21. Kf1 Bxg2+ 22. Ke2 d3+ 0-1


[Site "https://www.chess.com"]